 Dungeon Crawl Stone Soup version 0.19-a0-1895-g783e625 (webtiles) character file.

4764 sleepydude the Grappler (level 10, 0/79 HPs)
             Began as a Demonspawn Berserker on Oct 18, 2016.
             Was a High Priest of Trog.
             Slain by a killer bee (5 damage)
             ... on level 8 of the Dungeon on Oct 19, 2016.
             The game lasted 00:33:44 (10550 turns).

sleepydude the Grappler (Demonspawn Berserker)     Turns: 10550, Time: 00:33:45

Health: 0/79       AC: 21    Str: 20    XL:     10   Next: 23%
Magic:  10/10      EV:  9    Int:  8    God:    Trog [*****.]
Gold:   281        SH:  0    Dex: 17    Spells: 0 memorised, 9 levels left

rFire  . . .     SeeInvis .       - Unarmed
rCold  . . .     Gourm    .     t - +1 plate armour
rNeg   . . .     Faith    .     (no shield)
rPois  .         Spirit   .     G - +1 helmet
rElec  .         Reflect  .     (no cloak)
rCorr  .         Harm     .     y - +0 pair of gloves
MR     .....                    u - +0 pair of boots
Stlth  ..........               C - amulet of magic regeneration
                                (no ring)
                                H - +3 ring of dexterity

@: exhausted, slowed, very slow
A: claws 2, icy blue scales 2, foul stench 1, nightstalker 2, rot immunity
a: Berserk, Trog's Hand, Brothers in Arms, Burn Spellbooks, Renounce Religion


You were on level 8 of the Dungeon.
You worshipped Trog.
Trog was extremely pleased with you.
You were not hungry.

You visited 1 branch of the dungeon, and saw 8 of its levels.
You also visited: Ossuary.

You collected 281 gold pieces.

Inventory:

Hand Weapons
 F - the +8 war axe of Bamextau {chop, rElec}
   (You found it on level 7 of the Dungeon)

   It inflicts extra damage upon your enemies.
   It insulates you from electricity.
Armour
 t - a +1 plate armour (worn)
 u - a +0 pair of boots (worn)
 y - a +0 pair of gloves (worn)
 G - a +1 helmet (worn)
Jewellery
 C - an amulet of magic regeneration (around neck)
 H - a +3 ring of dexterity (left hand)
Wands
 j - a wand of lightning (2/15)
 q - a wand of flame (31/48)
 v - a wand of confusion (29/48)
 x - a wand of lightning (3/15)
Scrolls
 c - 2 scrolls of fog {unknown}
 e - 2 scrolls of enchant weapon
 g - 11 scrolls of identify
 h - a scroll of enchant armour
 k - 2 scrolls of magic mapping
 m - a scroll of recharging
 r - 6 scrolls of teleportation
 A - 3 scrolls of fear {unknown}
 K - 3 scrolls of remove curse
Potions
 b - a potion of agility
 d - a potion of brilliance {unknown}
 f - 7 potions of curing {unknown}
 i - 2 potions of experience {unknown}
 l - a potion of lignification {unknown}
 n - 2 potions of heal wounds {unknown}
 o - a potion of resistance {unknown}
 s - 2 potions of might {unknown}
 w - a potion of berserk rage {unknown}
 z - a potion of ambrosia {unknown}
 B - a potion of degeneration {unknown}
 D - a potion of invisibility {unknown}
 E - a potion of haste {unknown}
Comestibles
 a - 12 fruits
 p - 2 meat rations
 I - a slice of pizza
 L - a bread ration


   Skills:
 + Level 7.1 Fighting
 * Level 4.3 Axes
 + Level 6.4 Armour
 + Level 6.0 Dodging
 * Level 8.5 Unarmed Combat


You had 9 spell levels left.
You didn't know any spells.

Dungeon Overview and Level Annotations

Branches:
Dungeon (8/15)             Temple (0/1) D:4
   Lair: D:8-11

Altars:
Cheibriados
Fedhas
Makhleb
Qazlal
Ru
Sif Muna
Uskayaw
Yredelemnul
The Shining One

Shops:
D:4 *   D:6 !   D:7 :


Innate Abilities, Weirdness & Mutations

You have very sharp fingernails.
You are mostly covered in icy blue scales. (AC +3)
You may emit foul miasma when damaged in melee.
You are significantly more attuned to the shadows.
You are immune to rotting.


Message History

The wyvern seems to slow down.
The wyvern bites you but does no damage.
The wyvern is engulfed in dark miasma.
The wyvern looks as sick as possible!
The wyvern seems to slow down.
You kill the wyvern!
Trog accepts your kill.
You start eating one of the 3 meat rations.
You feel a strong urge to attack something.
You continue eating. x2
You feel your anger subside.
You are no longer berserk.
You are exhausted.
You feel yourself slow down.
You finish eating.
That meat ration really hit the spot!
You start resting.
You feel sick. x4
You are no longer poisoned.
A killer bee comes into view.
A killer bee is nearby!
The killer bee buzzes angrily.
The killer bee stings you.
You die...

...........#.........
........####.######..
.....##.####.#
...#.##......#
...#.######..# ...#.#
#.######
#.##.######......#
..÷.........####[#########
#.##.#####..####@##......
. .#. # #.....#y##.##.#
.## . .
#..##.#†##(#..##..# # ##
#.†##..............
#.......##.#†...#
..########.#...## ###
#.<..#.# ##..## .# #..# y#


You could see a killer bee.

Vanquished Creatures
  The ghost of fleugma the Poker, a novice MfSk (D:4)
  A queen bee (D:8)
  Prince Ribbit (D:5)
  Grinder (D:6)
  A hippogriff (D:8)
  2 yaks (D:8)
  A hungry ghost (D:7)
  A wyvern (D:8)
  Edmund (D:5)
  2 sky beasts
  An ice beast (D:7)
  An orc warrior (D:6)
  A phantom (D:4)
  6 ogres
  A centaur (D:5)
  A bullfrog (D:7)
  10 scorpions
  8 killer bees (D:8)
  2 bullfrog zombies
  2 crimson imps
  2 centaur zombies (Ossuary)
  3 hounds
  3 human zombies (Ossuary)
  2 orc priests
  Ijyb (D:3)
  4 iguanas
  4 orc wizards
  4 worker ants
  3 big kobold zombies (Ossuary)
  3 mummies (Ossuary)
  A howler monkey skeleton (D:7)
  5 scorpion zombies (Ossuary)
  6 adders
  A river rat (D:8)
  A shadow imp (D:8)
  An ooze (D:5)
  3 worms
  4 leopard geckos
  17 orcs
  2 giant cockroaches (D:1)
  10 goblins
  4 hobgoblins
  19 jackals
  12 kobolds
  4 quokkas
  17 bats
  7 frilled lizards
  2 giant cockroach zombies
  2 gnoll zombies (Ossuary)
  3 goblin zombies (Ossuary)
  2 hobgoblin zombies (Ossuary)
  3 jackal skeletons
  A kobold zombie (Ossuary)
  A leopard gecko skeleton (D:4)
  An orc zombie (Ossuary)
  11 rats
  2 fungi (D:8)
216 creatures vanquished.

Notes
Turn   | Place    | Note
-------+----------+-------------------------------------------
     0 | D:1      | sleepydude the Demonspawn Berserker began the quest for the Orb.
     0 | D:1      | Reached XP level 1. HP: 18/18 MP: 1/1
   330 | D:1      | Gained mutation: You have sharp fingernails. [demonic ancestry]
   330 | D:1      | Reached XP level 2. HP: 24/24 MP: 2/2
   717 | D:1      | Reached skill level 1 in Unarmed Combat
  1388 | D:2      | Reached XP level 3. HP: 20/29 MP: 3/3
  2086 | D:2      | Reached ** piety under Trog
  2534 | D:3      | Found a faded altar of an unknown god.
  2534 | D:3      | Found a faded altar of an unknown god.
  2539 | D:3      | Found a faded altar of an unknown god.
  2541 | D:3      | Found a faded altar of an unknown god.
  2543 | D:3      | Found a glowing golden altar of the Shining One.
  2834 | D:3      | Gained mutation: You are partially covered in icy blue scales. (AC +2) [demonic ancestry]
  2834 | D:3      | Reached XP level 4. HP: 19/35 MP: 4/4
  3213 | D:3      | Reached skill level 2 in Unarmed Combat
  3703 | D:3      | Noticed Ijyb
  3717 | D:3      | Killed Ijyb
  3717 | D:3      | Gained mutation: You are slightly more attuned to the shadows. [demonic ancestry]
  3717 | D:3      | Reached XP level 5. HP: 41/41 MP: 5/5
  4219 | D:4      | Noticed fleugma's ghost (novice MfSk)
  4250 | D:4      | Killed fleugma's ghost
  4250 | D:4      | Reached skill level 3 in Unarmed Combat
  4250 | D:4      | Gained mutation: You are immune to rotting. [demonic ancestry]
  4250 | D:4      | Reached XP level 6. HP: 25/48 MP: 6/6
  4715 | D:4      | Reached *** piety under Trog
  4780 | D:4      | Reached skill level 4 in Unarmed Combat
  4780 | D:4      | Gained mutation: You may emit foul miasma when damaged in melee. [demonic ancestry]
  4780 | D:4      | Reached XP level 7. HP: 42/55 MP: 7/7
  4803 | D:4      | Found Wyxkilut's Elemental Accessories.
  4827 | D:4      | Found a staircase to the Ecumenical Temple.
  5488 | D:5      | Entered Level 5 of the Dungeon
  5488 | D:5      | Noticed Edmund
  5503 | D:5      | Killed Edmund
  5590 | D:5      | Reached skill level 5 in Unarmed Combat
  5775 | D:5      | Reached skill level 5 in Fighting
  5775 | D:5      | Gained mutation: You are mostly covered in icy blue scales. (AC +3) [demonic ancestry]
  5775 | D:5      | Reached XP level 8. HP: 41/62 MP: 8/8
  5797 | D:5      | Noticed Prince Ribbit
  6089 | D:5      | Killed Prince Ribbit
  6303 | D:6      | Noticed Grinder
  6322 | D:6      | Killed Grinder
  6460 | D:6      | Reached skill level 6 in Unarmed Combat
  6467 | D:6      | Reached skill level 5 in Armour
  6707 | D:6      | Found Pumiyqux's Distillery.
  7150 | D:6      | Reached skill level 5 in Dodging
  7150 | D:6      | Gained mutation: You are significantly more attuned to the shadows. [demonic ancestry]
  7150 | D:6      | Reached XP level 9. HP: 66/69 MP: 9/9
  7203 | D:6      | Reached **** piety under Trog
  8047 | D:7      | Found a sand-covered staircase.
  8115 | Ossuary  | Entered an ossuary
  8181 | Ossuary  | Reached skill level 7 in Unarmed Combat
  8262 | Ossuary  | Received a gift from Trog
  9126 | D:7      | Found a basalt altar of Yredelemnul.
  9128 | D:7      | Found a deep blue altar of Sif Muna.
  9130 | D:7      | Found a sacrificial altar of Ru.
  9134 | D:7      | Found a hide-covered altar of Uskayaw.
  9134 | D:7      | Found a blossoming altar of Fedhas.
  9135 | D:7      | Found a burning altar of Makhleb.
  9137 | D:7      | Found a stormy altar of Qazlal.
  9152 | D:7      | Found Hadwocuh's Book Shoppe.
  9410 | D:7      | Got an ichor-stained war axe
  9411 | D:7      | Identified the +8 war axe of Bamextau {chop, rElec} (You found it on level 7 of the Dungeon)
  9475 | D:7      | Found a snail-covered altar of Cheibriados.
  9748 | D:7      | Reached skill level 8 in Unarmed Combat
  9968 | D:8      | Found a snail-covered altar of Cheibriados.
 10197 | D:8      | Reached ***** piety under Trog
 10357 | D:8      | Found a glowing golden altar of the Shining One.
 10365 | D:8      | Gained mutation: You have very sharp fingernails. [demonic ancestry]
 10365 | D:8      | Reached XP level 10. HP: 74/77 MP: 10/10
 10550 | D:8      | Slain by a killer bee

Vault maps used:
D:1:      saegor_arrival_simple_b
D:2:      first_bread
D:3:      chequers_temple_overflow_minitemple, hex_tiny, bh_walls_and_bars,
          uniq_iyjb
D:4:      nicolae_elemental_shop
D:5:      uniq_edmund, uniq_prince_ribbit1
D:6:      serial_shops, shop, nrook_mini_backslash, uniq_grinder
D:7:      cheibrodos_quashed, overflow_temple_1_default, minitemple,
          serial_shops, nicolae_shop_crystal, nicolae_ossuary_entry_monument
D:8:      lemuel_crystal_altar, grunt_lair_entry_orc_guard_hut, basic_altar,
          david_nohive_1, cheibriados_altar_1
Ossuary:  ossuary_minmay_scorpions

Skill      XL: |  1  2  3  4  5  6  7  8  9 10 |
---------------+-------------------------------+-----
Armour         | 2 3 4 5 6 |  6.4
Unarmed Combat | 1 2 3 4 5 6 8 |  8.5
Dodging        | 2 3 4 5 6 |  6.0
Fighting       | 4 5 6 7 |  7.1
Axes           | 3 4 |  4.3

Action                   |  1- 3 |  4- 6 |  7- 9 | 10-12 || total
-------------------------+-------+-------+-------+-------++-------
Melee: Hand axe          |    26 |       |       |       ||    26
       Unarmed           |   151 |   202 |   472 |    69 ||   894
       Mace              |    10 |       |       |       ||    10
       Punch             |     3 |     2 |    13 |       ||    18
       War axe           |       |       |    73 |    11 ||    84
Invok: Berserk           |       |     2 |     7 |     1 ||    10
       Burn Spellbooks   |       |       |     1 |       ||     1
  Use: Scroll            |       |       |    12 |       ||    12
 Stab: Sleeping          |     1 |       |       |       ||     1
  Eat: Chunk             |     5 |     5 |    10 |       ||    20
       Pizza             |     1 |       |       |       ||     1
       Bread ration      |       |     1 |     3 |       ||     4
       Meat ration       |       |       |     2 |     1 ||     3
       Fruit             |       |       |     1 |       ||     1
Armor: Animal skin       |    22 |       |       |       ||    22
       Leather armour    |       |    36 |       |       ||    36
       Plate armour      |       |    33 |   307 |    66 ||   406
Dodge: Dodged            |   112 |   117 |   179 |    43 ||   451
